 Dungeon Crawl Stone Soup version 0.21.1-1-g345015f (webtiles) character file.

197237 empire the Severer (level 17, -32/243 HPs)
             Began as a Minotaur Fighter on May 24, 2018.
             Was the Champion of Cheibriados.
             Blown up by an orb spider (35 damage)
             ... with an orb of destruction
             ... on level 2 of the Spider Nest.
             The game lasted 01:46:25 (29730 turns).

empire the Severer (Minotaur Fighter)              Turns: 29730, Time: 01:46:26

Health: -32/243    AC: 28    Str: 43    XL:     17   Next: 77%
Magic:  19/24      EV:  2    Int: 28    God:    Cheibriados [******]
Gold:   868        SH: 18    Dex: 36    Spells: 11/16 levels left

rFire    . . .     SeeInvis +   b - +5 war axe of Dividends {flame, Int+4 SInv}
rCold    . . .     Gourm    .   c - +0 shield
rNeg     + + +     Faith    .   (armour currently unavailable)
rPois    +         Spirit   .   (helmet currently unavailable)
rElec    .         Reflect  .   (cloak currently unavailable)
rCorr    .         Harm     .   (gloves currently unavailable)
MR       +++..     NoTele   +   (boots currently unavailable)
Stlth    +++.......             p - amulet of regeneration
HPRegen  0.90/turn              L - +4 ring of strength
MPRegen  0.19/turn              z - ring of Sif Muna's Fury {*Contam rPois MR++ Int+3 Dex+6}

@: tree-form, berserk cooldown, slowed, very slow
A: (retaliatory headbutt), see invisible, agile 1, robust 1, MP-powered wands
}: 1/15 runes: barnacled
a: Bend Time, Temporal Distortion, Slouch, Step From Time, Renounce Religion


You were on level 2 of the Spider Nest.
You worshipped Cheibriados.
Cheibriados was exalted by your worship.
You were not hungry.
You were a tree.
You visited 6 branches of the dungeon, and saw 30 of its levels.
You visited the Abyss 1 time.
You also visited: Labyrinth.

You collected 3304 gold pieces.
You spent 2436 gold pieces at shops.

Inventory:

Hand Weapons
 a - the +10 zealot's sword {holy, *Rage rN+ EV+3}
   (You found it on level 5 of the Dungeon)

   It has been blessed by the Shining One to cause great damage to the undead
   and demons.
   It affects your evasion (+3).
   It protects you from negative energy.
   It may make you go berserk in combat.
 b - the +5 war axe of Dividends (weapon) {flame, Int+4 SInv}
   (You found it in a labyrinth)

   It has been specially enchanted to burn those struck by it, causing extra
   injury to most foes and up to half again as much damage against particularly
   susceptible opponents.
   Big, fiery blades are also staple armaments of hydra-hunters.
   It affects your intelligence (+4).
   It lets you see invisible.
 k - the +9 heavy crossbow "Sniper" {velocity, Acc+∞ SInv}
   (You bought it in a shop on level 6 of the Dungeon)

   Any bolt fired from it inflicts extra damage.
   It lets you see invisible.
Missiles
 w - 98 bolts
Armour
 c - a +0 shield (worn)
 x - a +1 pair of gloves (melded)
 E - a +2 cloak (melded)
 P - a +2 pair of boots (melded)
 V - a +3 plate armour of poison resistance (melded)
Jewellery
 p - an amulet of regeneration (around neck)
 t - an uncursed ring of ice {unknown}
 z - the ring of Sif Muna's Fury (right branch) {*Contam rPois MR++ Int+3 Dex+6}
   (You found it on level 1 of the Shoals)

   [ring of dexterity]

   It affects your intelligence (+3).
   It affects your dexterity (+6).
   It protects you from poison.
   It affects your resistance to hostile enchantments.
   It causes magical contamination when unequipped.
 L - a +4 ring of strength (left branch)
 S - an uncursed ring of resist corrosion
Wands
 d - a wand of iceblast (28)
 h - a wand of polymorph (24)
 D - a wand of acid (18)
 H - a wand of disintegration (35)
 M - a wand of scattershot (2)
 R - a wand of paralysis (12)
 U - a wand of enslavement (16)
Scrolls
 e - 7 scrolls of immolation
 g - 13 scrolls of remove curse
 j - 2 scrolls of fog
 l - 10 scrolls of teleportation
 o - 9 scrolls of fear
 r - 2 scrolls of vulnerability
 C - 3 scrolls of magic mapping
 G - 3 scrolls of blinking
 I - 5 scrolls of identify
Potions
 n - a potion of flight
 q - 2 potions of mutation
 s - a potion of agility
 u - a potion of ambrosia
 v - 3 potions of curing
 A - a potion of resistance
 Q - a potion of cancellation
 X - a potion of brilliance
 Y - 2 potions of lignification
Books
 m - a book of Maledictions

   Spells                             Type                      Level
   a - Corona                         Hexes                        1
   b - Ensorcelled Hibernation        Hexes/Ice                    2
   c - Confuse                        Hexes                        3
   d - Tukima's Dance                 Hexes                        3
   e - Dazzling Spray                 Conjuration/Hexes            3
Miscellaneous
 i - a sack of spiders
 B - a crystal ball of energy
 K - a box of beasts
 W - a fan of gales
Comestibles
 f - 65 rations


   Skills:
 + Level 12.4 Fighting
 - Level 13.0 Long Blades
 - Level 16.0 Axes
 - Level 6.0 Crossbows
 - Level 13.0 Armour
 - Level 13.0 Dodging
 - Level 13.0 Shields
 + Level 11.8 Invocations
 + Level 11.5 Evocations


You had 11 spell levels left.
You knew the following spells:

 Your Spells              Type           Power        Failure   Level  Hunger
a - Regeneration          Chrm/Necr      #.........   38%         3    ####...
b - Shroud of Golubria    Chrm/Tloc      #.........   22%         2    ###....


Dungeon Overview and Level Annotations

Branches:
Dungeon (15/15)            Temple (1/1) D:4            Lair (6/6) D:11
 Shoals (4/4) Lair:3       Spider (2/4) Lair:4        Slime (0/5) Lair:5
    Orc (2/2) D:11            Elf (0/3) Orc:2        Vaults (0/5) D:13
 Depths (0/5) D:15

Altars:
Ashenzari
Cheibriados
Dithmenos
Elyvilon
Fedhas
Gozag
Hepliaklqana
Kikubaaqudgha
Makhleb
Nemelex Xobeh
Okawaru
Qazlal
Ru
Sif Muna
Trog
Uskayaw
Vehumet
Wu Jian
Xom
Yredelemnul
Zin
The Shining One
Beogh
Lugonu

Shops:
D:6 (   Orc:2 *=[

Portals:
Trove: D:11 (give +3 storm dragon scales)

Annotations:
Lair:3 exclusion: 2 oklob plants
Orc:1 1 transporter


Innate Abilities, Weirdness & Mutations

((You reflexively headbutt those who attack you in melee.))
((You have a pair of horns on your head.))
You have supernaturally acute eyesight. (SInv)
You are agile. (Dex +2)
((Your flesh is cold resistant. (rC+)))
((Your flesh is heat resistant. (rF+)))
You are robust. (+10% HP)
You expend magic power (3 MP) to strengthen your wands.


Message History

The orb spider is blasted.
The orb of destruction hits you!
* * * LOW HITPOINT WARNING * * *
You feel better.
The orb spider begins to weave its threads into a brightly glowing ball.
Okay, then.
You turn into a tree.
Your +2 cloak melds into your body.
Your +1 pair of gloves melds into your body.
Your +2 pair of boots melds into your body.
Your +3 plate armour of poison resistance melds into your body.
Your roots penetrate the ground.
The orb spider weaves a glowing orb of energy. x2 2 orbs of destruction come into view.
Evoke which item? (* to show all) (? for menu, Esc to quit)
Aiming: Disintegrate
Press: ? - help, Shift-Dir - straight line, f/p - orb spider
Aim: an orb spider (almost dead, chance to defeat MR: 88%)
The orb spider barely resists.
The orb of destruction hits you!
* * * LOW HITPOINT WARNING * * *
The orb of destruction hits you!
You die...

#.≈≈≈#≈≈≈# ...≈#≈#≈# #...
....≈≈≈# ....# ...##≈##
....# .....## >.#.##
.)...## ###### .....#
...#..### ##..#.##s....#
......#.###^.s§..#.....#
.........#..##.§♣......#
........##. #....§.......
........#..##....§.......
.......###..^...s.....)..
......#####..............
......#.#^#.†...........#
.............†^..........
........................#
.................##...##


You could see 2 orb spiders.

Vanquished Creatures
  A tentacled monstrosity (Abyss:3)
  A tentacled starspawn (Abyss:3)
  2 krakens
  Kirke (D:14)
  Ilsuiw (Shoals:4)
  An orc warlord (Orc:2)
  Louise (D:15)
  2 emperor scorpions
  A very ugly thing (Abyss:3)
  Azrael (D:14)
  A white draconian (Abyss:3)
  9 merfolk javelineers
  An ettin (Orc:1)
  A minotaur (Lab)
  A fire dragon (Lair:6)
  6 merfolk impalers
  2 ice dragons (D:15)
  A catoblepas (Shoals:4)
  The ghost of kirsanium the Fighter, a journeyman FoFi of Cheibriados (D:11)
  7 hydras
  2 naga warriors (Abyss:3)
  Erica (Lair:1)
  6 merfolk avatars
  3 alligator snapping turtles
  An ogre mage (D:15)
  10 two-headed ogres
  2 dancing weapons (D:13)
  3 centaur warriors
  6 merfolk aquamancers
  2 satyrs
  2 orc high priests
  7 death yaks
  Urug (Lair:4)
  Nergalle (D:10)
  A storm dragon zombie (Abyss:3)
  9 sea snakes
  An unseen horror (D:15)
  3 starcursed masses (Abyss:3)
  A lindwurm (Lair:6)
  4 wizards
  11 harpies
  An orb spider (shapeshifter) (Abyss:3)
  6 orc sorcerers
  5 orc knights
  3 ugly things
  An oklob plant (Lair:3)
  7 orb spiders
  10 wolf spiders
  6 cyclopes
  18 manticores
  3 fauns
  A moth of wrath (Spider:2)
  2 centaur zombies
  4 elephants (Lair:5)
  12 merfolk sirens
  Maurice (D:8)
  Joseph (D:7)
  7 black mambas
  A guardian serpent (Abyss:3)
  6 centaur skeletons
  14 spiny frogs
  8 water nymphs
  2 molten gargoyles (Lair:6)
  An orange demon (Abyss:3)
  A torpor snail (Lair:6)
  2 smoke demons (Abyss:3)
  3 demonic crawlers (Spider:2)
  11 komodo dragons
  3 hellwings (Abyss:3)
  A freezing wraith (D:15)
  An efreet (Abyss:3)
  7 rime drakes
  An ancient zyme (Abyss:3)
  A golden dragon simulacrum (Abyss:3)
  A queen bee (Lair:3)
  4 trolls
  14 jumping spiders
  2 polar bears
  34 merfolk
  A harpy skeleton (D:14)
  10 wind drakes
  A hornet (D:15)
  A slime creature (D:12)
  7 dream sheep
  19 hippogriffs
  11 snapping turtles
  9 raiju
  8 blink frogs
  A meliai zombie (D:14)
  Sigmund (D:3)
  A shadow (D:14)
  5 tarantellas
  27 redbacks
  8 wyverns
  20 yaks
  4 small abominations
  9 water elementals
  The ghost of feelmyfire the Insei, an amateur DgTm (D:4)
  4 basilisks
  3 fire elementals (D:14)
  A neqoxec (Abyss:3)
  8 steam dragons (Lair:2)
  2 hogs (D:14)
  A large abomination (Abyss:3)
  5 vampire mosquitoes (D:14)
  2 hungry ghosts
  A naga (Abyss:3)
  4 wargs
  An acid dragon (Lair:2)
  11 porcupines
  16 water moccasins
  8 hell hounds
  32 orc warriors
  A sky beast (D:10)
  An ice beast (D:11)
  3 black bears
  14 ogres
  A necrophage (D:8)
  2 phantoms
  22 wolves
  16 centaurs
  14 crocodiles
  3 big kobolds
  13 bullfrogs
  Blork the orc (D:6)
  A wyvern zombie (D:13)
  4 scorpions
  The ghost of olivier the Charmwright, a weakling GnSk (D:3)
  39 killer bees
  17 wights
  9 howler monkeys
  6 electric eels
  7 crimson imps
  A bullfrog zombie (D:13)
  4 lava snakes (Lair:6)
  3 quasits
  7 jellies
  30 orc wizards
  3 hounds
  28 orc priests
  3 bullfrog skeletons
  2 iguanas
  6 hell rats
  15 worker ants
  2 worker ant zombies (D:5)
  3 gnolls (Orc:2)
  12 adders
  3 shadow imps
  6 oozes
  2 adder skeletons (D:4)
  A worm (D:3)
  2 dart slugs (D:1)
  4 leopard geckos
  86 orcs
  8 giant cockroaches
  5 goblins
  5 hobgoblins
  9 jackals
  4 quokkas
  5 ball pythons
  11 bats
  12 frilled lizards
  23 kobolds
  A leopard gecko zombie (D:5)
  6 rats
  9 fungi
  118 plants
  A starspawn tentacle (Abyss:3)
  5 tentacles
1188 creatures vanquished.

Vanquished Creatures (others)
  A harpy (Shoals:2)
  2 rime drakes (Lair:2)
  A human (D:15)
  A steam dragon (Lair:2)
  4 fungi
  31 plants
  3 starspawn tentacles (Abyss:3)
  16 tentacles
59 creatures vanquished.

Grand Total: 1247 creatures vanquished

Notes
Turn   | Place    | Note
-------+----------+-------------------------------------------
     0 | D:1      | empire the Minotaur Fighter began the quest for the Orb.
     0 | D:1      | Reached XP level 1. HP: 19/19 MP: 0/0
   129 | D:1      | Reached XP level 2. HP: 14/26 MP: 1/1
   526 | D:1      | Found a glowing golden altar of the Shining One.
  1328 | D:2      | Found an opulent altar of Gozag.
  1358 | D:2      | Reached XP level 3. HP: 31/31 MP: 2/2
  1896 | D:3      | Noticed olivier's ghost (weakling GnSk)
  1915 | D:3      | Killed olivier's ghost
  1915 | D:3      | Reached XP level 4. HP: 18/39 MP: 3/3
  2144 | D:3      | Reached skill level 5 in Armour
  2176 | D:3      | Noticed Sigmund
  2183 | D:3      | Killed Sigmund
  2183 | D:3      | Reached skill level 5 in Shields
  2183 | D:3      | Reached XP level 5. HP: 34/45 MP: 4/4
  2183 | D:3      | Reached XP level 6. HP: 39/51 MP: 5/5
  2198 | D:3      | Found a sacrificial altar of Ru.
  2198 | D:3      | Found a faded altar of an unknown god.
  2204 | D:3      | Found a sparkling altar of Nemelex Xobeh.
  2210 | D:3      | Found an iron altar of Okawaru.
  2213 | D:3      | Found a bloodstained altar of Trog.
  2410 | D:3      | You fall through a shaft for 2 floors!
  2410 | D:5      | Entered Level 5 of the Dungeon
  2454 | D:5      | Reached skill level 5 in Long Blades
  2545 | D:4      | Found a glowing golden altar of the Shining One.
  2545 | D:4      | Found a shimmering altar of Xom.
  2549 | D:4      | Found a burning altar of Makhleb.
  2572 | D:4      | Found a stormy altar of Qazlal.
  2630 | D:4      | Noticed feelmyfire's ghost (amateur DgTm)
  2659 | D:4      | Killed feelmyfire's ghost
  2659 | D:4      | Reached XP level 7. HP: 29/57 MP: 6/6
  2990 | D:4      | Found a staircase to the Ecumenical Temple.
  3004 | Temple   | Entered the Ecumenical Temple
  3038 | Temple   | Became a worshipper of Cheibriados the Contemplative
  3318 | D:3      | Found a blossoming altar of Fedhas.
  3946 | D:5      | Reached skill level 1 in Invocations
  4022 | D:5      | Found a shattered altar of Ashenzari.
  4054 | D:5      | Found the +10 zealot's sword {holy, *Rage rN+ EV+3}
  4121 | D:5      | Found an ancient bone altar of Kikubaaqudgha.
  4145 | D:5      | Found a deep blue altar of Sif Muna.
  4147 | D:5      | Found a radiant altar of Vehumet.
  4149 | D:5      | Identified Kikubaaqudgha's Tome of Evil
  4523 | D:6      | Reached * piety under Cheibriados
  4552 | D:6      | Noticed Blork the orc
  4556 | D:6      | Gained mutation: Your body sometimes deteriorates upon taking damage. [potion of mutation]
  4556 | D:6      | Gained mutation: You have supernaturally acute eyesight. (SInv) [potion of mutation]
  4556 | D:6      | Gained mutation: Your flesh is heat resistant. (rF+) [potion of mutation]
  4556 | D:6      | Gained mutation: Your mind is acute. (Int +2) [potion of mutation]
  4564 | D:6      | Reached XP level 8. HP: 64/64 MP: 8/8
  4573 | D:6      | Killed Blork the orc
  4682 | D:6      | Found Menaocs's Antique Weapon Shop.
  4772 | D:6      | Found a hide-covered altar of Uskayaw.
  5323 | D:7      | Reached ** piety under Cheibriados
  5470 | D:7      | Noticed a two-headed ogre
  5477 | D:7      | Killed a two-headed ogre
  5477 | D:7      | Reached XP level 9. HP: 70/70 MP: 9/11
  5565 | D:7      | Noticed Joseph
  5578 | D:7      | Killed Joseph
  5804 | D:7      | Reached skill level 5 in Invocations
  5988 | D:8      | Reached *** piety under Cheibriados
  6087 | D:8      | Noticed Maurice
  6094 | D:8      | Killed Maurice
  6271 | D:8      | Reached XP level 10. HP: 49/77 MP: 13/13
  6691 | D:9      | Reached skill level 1 in Evocations
  7013 | D:9      | Reached **** piety under Cheibriados
  7017 | D:9      | Reached skill level 10 in Armour
  7122 | D:9      | Reached skill level 10 in Shields
  7895 | D:10     | Entered Level 10 of the Dungeon
  8255 | D:10     | Reached skill level 10 in Long Blades
  8272 | D:10     | Noticed Nergalle
  8278 | D:10     | Noticed a spectral orc warlord
  8285 | D:10     | Killed Nergalle
  8288 | D:10     | Reached ***** piety under Cheibriados
  8709 | D:11     | Found a labyrinth entrance.
  8713 | D:11     | Noticed a white ugly thing
  8719 | D:11     | Killed a white ugly thing
  8725 | D:11     | Noticed kirsanium's ghost (journeyman FoFi)
  8734 | D:11     | Killed kirsanium's ghost
  8734 | D:11     | Reached skill level 5 in Evocations
  8753 | D:11     | Reached XP level 11. HP: 43/82 MP: 14/14
  8765 | D:11     | Noticed a six-headed hydra
  8766 | D:11     | Got a shimmering scale mail
  8781 | D:11     | Killed a 12-headed hydra
  8812 | Lab      | Entered a labyrinth
  9031 | Lab      | Noticed a minotaur
  9037 | Lab      | Killed a minotaur
  9037 | Lab      | Reached skill level 5 in Fighting
  9040 | Lab      | Got a slimy war axe
  9060 | Lab      | Identified the +5 war axe of Dividends {flame, Int+4 SInv} (You found it in a labyrinth)
  9161 | D:11     | Noticed an eight-headed hydra
  9171 | D:11     | Killed a four-headed hydra
  9189 | D:11     | Reached skill level 1 in Axes
  9593 | D:11     | Noticed a two-headed ogre
  9605 | D:11     | Killed a two-headed ogre
  9610 | D:11     | Found a staircase to the Orcish Mines.
  9840 | D:11     | Found a portal to a secret trove of treasure.
  9853 | D:11     | Identified the +5 scale mail of Wu Jian's Whim {-Cast +Inv Int+3 Dex+8} (You found it on level 11 of the Dungeon)
  9924 | D:11     | Found a staircase to the Lair.
 10152 | Orc:1    | Entered Level 1 of the Orcish Mines
 10248 | Orc:1    | Noticed an orc knight
 10256 | Orc:1    | Killed an orc knight
 10256 | Orc:1    | Reached skill level 10 in Fighting
 10354 | Orc:1    | Noticed an ettin
 10358 | Orc:1    | Killed an ettin
 10363 | Orc:1    | Noticed an orc sorcerer
 10368 | Orc:1    | Killed an orc sorcerer
 10708 | Orc:1    | Noticed an orc high priest
 10717 | Orc:1    | Killed an orc high priest
 10866 | Orc:1    | Found a transporter.
 10873 | Orc:1    | Reached XP level 12. HP: 106/106 MP: 15/15
 10887 | Orc:1    | Noticed a stone giant
 10887 | Orc:1    | Noticed a two-headed ogre
 10903 | Orc:1    | Found a roughly hewn altar of Beogh.
 10993 | Orc:1    | Noticed a two-headed ogre
 11050 | Lair:1   | Entered Level 1 of the Lair of Beasts
 11055 | Lair:1   | Reached ****** piety under Cheibriados
 11236 | Lair:1   | Noticed Erica
 11247 | Lair:1   | Killed Erica
 11303 | Lair:1   | Reached skill level 2 in Axes
 11365 | Lair:1   | Reached skill level 3 in Axes
 11520 | Lair:1   | Reached skill level 4 in Axes
 11701 | Lair:1   | Reached skill level 5 in Axes
 11742 | Lair:1   | Reached skill level 6 in Axes
 11900 | Lair:1   | Noticed a six-headed hydra
 11905 | Lair:1   | Killed a four-headed hydra
 12070 | Lair:1   | Reached skill level 7 in Axes
 12198 | Lair:2   | Reached skill level 8 in Axes
 12261 | Lair:2   | Reached skill level 9 in Axes
 13182 | Lair:3   | Reached XP level 13. HP: 105/113 MP: 16/16
 13183 | Lair:3   | Reached skill level 10 in Axes
 13260 | Lair:3   | Reached skill level 11 in Axes
 13496 | Lair:3   | Identified a scroll of acquirement
 13601 | Lair:3   | Found a basalt altar of Yredelemnul.
 13604 | Lair:3   | Reached skill level 12 in Axes
 14009 | Lair:3   | Found a staircase to the Shoals.
 14385 | Lair:3   | Reached skill level 13 in Axes
 14851 | D:6      | Bought the +9 heavy crossbow "Sniper" {velocity, Acc+∞ SInv} for 1851 gold pieces
 14851 | D:6      | Found the +9 heavy crossbow "Sniper" {velocity, Acc+∞ SInv}
 15294 | Lair:4   | Noticed Urug
 15304 | Lair:4   | Killed Urug
 15304 | Lair:4   | Reached skill level 1 in Crossbows
 15934 | Lair:4   | You fall through a shaft!
 15977 | Lair:5   | Found a staircase to the Slime Pits.
 16038 | Lair:5   | Reached skill level 14 in Axes
 16719 | Lair:4   | Reached skill level 5 in Crossbows
 16858 | Lair:4   | Found a hole to the Spider Nest.
 17167 | Lair:6   | Entered Level 6 of the Lair of Beasts
 17188 | Lair:6   | Reached XP level 14. HP: 46/121 MP: 11/17
 17559 | Lair:6   | Reached skill level 15 in Axes
 18122 | Lair:6   | Found a large runed door.
 18127 | Lair:6   | Found a large runed door.
 18453 | Lair:6   | Reached skill level 16 in Axes
 19369 | Orc:1    | Lost mutation: Your body sometimes deteriorates upon taking damage. [potion of mutation]
 19369 | Orc:1    | Lost mutation: Your mind is acute. (Int +2) [potion of mutation]
 19369 | Orc:1    | Gained mutation: Armour fits poorly on your strangely shaped body. [potion of mutation]
 19369 | Orc:1    | Gained mutation: You are robust. (+10% HP) [potion of mutation]
 19369 | Orc:1    | Gained mutation: You have large cloven feet. [potion of mutation]
 19370 | Orc:1    | Lost mutation: Armour fits poorly on your strangely shaped body. [potion of mutation]
 19370 | Orc:1    | Lost mutation: You have large cloven feet. [potion of mutation]
 19370 | Orc:1    | Gained mutation: You expend magic power (3 MP) to strengthen your wands. [potion of mutation]
 19370 | Orc:1    | Gained mutation: Your flesh is cold resistant. (rC+) [potion of mutation]
 19370 | Orc:1    | Gained mutation: You are agile. (Dex +2) [potion of mutation]
 19393 | Orc:2    | Entered Level 2 of the Orcish Mines
 19399 | Orc:2    | Paralysed by an orc sorcerer for 3 turns
 19495 | Orc:2    | Noticed an orc warlord
 19860 | Orc:2    | Killed an orc warlord
 19992 | Orc:2    | Found a roughly hewn altar of Beogh.
 20000 | Orc:2    | Found Caingijots's Antique Weapon Boutique.
 20012 | Orc:2    | Found Keapucs's General Store.
 20356 | Orc:2    | Found Biomie's Antique Armour Boutique.
 20408 | Orc:2    | Found Iqofoana's Jewellery Boutique.
 20414 | Orc:2    | Bought an uncursed amulet of regeneration for 450 gold pieces
 20448 | Orc:2    | Bought a scroll of enchant armour for 135 gold pieces
 20733 | Orc:2    | Found a staircase to the Elven Halls.
 21184 | D:12     | Identified the Volume of Combed Thunderclap
 21193 | D:12     | Identified the Handbook of Dhcmrlchtdj
 21292 | D:12     | Identified Ts'ui Pên's Incunabulum of Forking Paths
 21570 | D:13     | Found a shimmering altar of Xom.
 21573 | D:13     | Found a deep blue altar of Sif Muna.
 21573 | D:13     | Found a bloodstained altar of Trog.
 21575 | D:13     | Found a hazy altar of Hepliaklqana.
 21575 | D:13     | Found an ancient bone altar of Kikubaaqudgha.
 21575 | D:13     | Found a hide-covered altar of Uskayaw.
 21641 | D:13     | Reached XP level 15. HP: 134/138 MP: 21/21
 21827 | D:13     | Got a colourful robe
 21838 | D:13     | Found a gate to the Vaults.
 22445 | D:14     | Noticed Kirke
 22447 | D:14     | Reached skill level 10 in Invocations
 22453 | D:14     | Killed Kirke
 22603 | D:14     | Noticed Azrael
 22610 | D:14     | Killed Azrael
 22639 | D:14     | Reached skill level 10 in Evocations
 22684 | D:14     | Identified the +1 robe of the First Snow {rElec rF+ Stlth+} (You took it off a centaur on level 13 of the Dungeon)
 23060 | D:14     | Got an uncursed bloodstained fustibalus {freeze}
 23247 | D:15     | Entered Level 15 of the Dungeon
 23260 | D:15     | Noticed Louise
 23261 | D:15     | Cast into level 2 of the Abyss (Louise)
 23341 | Abyss:3  | Noticed a tentacled monstrosity
 23347 | Abyss:3  | Killed a tentacled monstrosity
 23476 | Abyss:3  | Noticed a tentacled starspawn
 23495 | Abyss:3  | Killed a tentacled starspawn
 23621 | D:15     | Escaped the Abyss
 23623 | D:15     | Killed Louise
 23847 | D:15     | Found a sacrificial altar of Ru.
 23908 | D:15     | Reached skill level 1 in Dodging
 24345 | D:15     | Found a staircase to the Depths.
 24785 | Shoals:1 | Entered Level 1 of the Shoals
 24810 | Shoals:1 | Reached XP level 16. HP: 147/147 MP: 3/22
 24849 | Shoals:1 | Reached skill level 5 in Dodging
 24940 | Shoals:1 | Noticed a kraken
 24953 | Shoals:1 | Killed a kraken
 25102 | Shoals:1 | Got a heavily runed pewter ring
 25108 | Shoals:1 | Identified the ring of Sif Muna's Fury {*Contam rPois MR++ Int+3 Dex+6} (You found it on level 1 of the Shoals)
 25999 | Shoals:2 | Reached skill level 10 in Dodging
 26621 | Shoals:3 | Identified the +9 fustibalus of a sewer {freeze, Dex+2} (You took it off a crimson imp on level 14 of the Dungeon)
 26989 | Shoals:3 | Noticed a kraken
 26997 | Shoals:3 | Killed a kraken
 27028 | Shoals:4 | Entered Level 4 of the Shoals
 27589 | Shoals:4 | Reached XP level 17. HP: 73/155 MP: 23/23
 27599 | Shoals:4 | Identified the Reference Book on Lucky Air
 27853 | Shoals:4 | Noticed Ilsuiw
 27871 | Shoals:4 | Killed Ilsuiw
 28378 | Shoals:4 | Got a barnacled rune of Zot
 28730 | D:11     | Learned a level 3 spell: Regeneration
 28733 | D:11     | Learned a level 2 spell: Shroud of Golubria
 28830 | Spider:1 | Entered Level 1 of the Spider Nest
 29730 | Spider:2 | HP: 3/243 [disintegration (39)]
 29730 | Spider:2 | Blown up by an orb spider

Skill      XL: |  1  2  3  4  5  6  7  8  9 10 11 12 13 14 15 16 17 |
---------------+----------------------------------------------------+-----
Armour         | 4 5 6 7 8 9 10 11 13 | 13.0
Shields        | 4 5 6 7 8 9 10 11 13 | 13.0
Long Blades    | 3 4 5 6 8 9 10 11 13 | 13.0
Invocations    | 1 4 5 6 9 10 11 | 11.8
Evocations     | 5 6 8 10 11 | 11.5
Fighting       | 10 12 | 12.4
Axes           | 1 9 14 16 | 16.0
Crossbows      | 5 6 |  6.0
Dodging        | 4 13 | 13.0

Action                   |  1- 3 |  4- 6 |  7- 9 | 10-12 | 13-15 | 16-18 || total
-------------------------+-------+-------+-------+-------+-------+-------++-------
Melee: Long sword        |   121 |   115 |    75 |    21 |       |       ||   332
       Headbutt          |    15 |    23 |    45 |   163 |   320 |   298 ||   864
       Eudemon blade     |       |       |   124 |   347 |   584 |   389 ||  1444
       War axe           |       |       |       |    85 |   328 |   375 ||   788
Throw: Javelin           |       |       |       |       |       |     8 ||     8
Invok: Slouch            |       |       |       |     1 |     9 |    10 ||    20
Evoke: Wand              |       |       |       |    11 |    34 |    25 ||    70
  Use: Potion            |     2 |     2 |     3 |     4 |     7 |     7 ||    25
       Scroll            |       |       |    19 |    15 |    12 |     4 ||    50
  Eat: Chunk             |     2 |     4 |     7 |    11 |    25 |    13 ||    62
       Ration            |       |       |     1 |       |       |       ||     1
Armor: Scale mail        |    44 |       |       |       |       |       ||    44
       Plate armour      |    30 |    75 |    90 |   240 |   441 |   278 ||  1154
       Skin              |     2 |       |     9 |       |     1 |       ||    12
Dodge: Dodged            |    44 |    25 |    70 |   172 |   299 |   627 ||  1237
Block: Shield            |    82 |    79 |   144 |   420 |   811 |   829 ||  2365
       Rpst.: Long sword |     8 |     8 |     5 |       |       |       ||    21
       Eudemon blade     |       |       |     8 |    23 |    43 |    71 ||   145
